 Dungeon Crawl Stone Soup version 0.19.0-19-g8c6edcc (webtiles) character file.

106458 dysrexia the Devastator (level 15, -5/92 HPs)
             Began as a Deep Elf Fire Elementalist on Nov 12, 2016.
             Was an Elder of Sif Muna.
             Slain by a tyrant leech (26 damage)
             ... on level 2 of the Swamp on Nov 15, 2016.
             The game lasted 03:07:03 (37777 turns).

dysrexia the Devastator (DEFE)                     Turns: 37777, Time: 03:07:04

Health: -5/92      AC: 16    Str:  8    XL:     15   Next: 97%
Magic:  25/35      EV: 20    Int: 23    God:    Sif Muna [****..]
Gold:   1157       SH:  6    Dex: 19    Spells: 9 memorised, 6 levels left

rFire  + . .     SeeInvis +     m - staff of fire
rCold  . . .     Gourm    .     I - +2 leather armour of Dramatic Exits {MR+}
rNeg   . . .     Faith    .     A - +0 buckler
rPois  +         Spirit   .     F - +2 helmet {SInv}
rElec  .         Reflect  .     h - +2 cloak
rCorr  .         Harm     .     Y - +2 pair of gloves {Str+3}
MR     ++...                    x - +0 pair of boots
Stlth  ++........               (no amulet)
                                P - ring of poison resistance
                                Q - ring of wizardry

@: no status effects
A: no striking features
a: Divine Energy, Channel Magic, Forget Spell, Renounce Religion


You were on level 2 of the Swamp.
You worshipped Sif Muna.
Sif Muna was greatly pleased with you.
You were not hungry.

You visited 4 branches of the dungeon, and saw 22 of its levels.

You collected 2235 gold pieces.
You spent 1078 gold pieces at shops.

Inventory:

Hand Weapons
 o - the +7 mace "Huitiah" {speed, rElec MR+ Str+2 Stlth+}
   (You found it on level 6 of the Lair of Beasts)

   Attacks with this weapon are significantly faster.
   It affects your strength (+2).
   It insulates you from electricity.
   It affects your resistance to hostile enchantments.
   It makes you more stealthy.
 J - a +0 blowgun
Missiles
 g - 53 poisoned needles
 q - 6 curare-tipped needles
 C - a throwing net (quivered)
Armour
 h - a +2 cloak (worn)
 x - a +0 pair of boots (worn)
 A - a +0 buckler (worn)
 F - a +2 helmet of see invisible (worn)
 I - the +2 leather armour of Dramatic Exits (worn) {MR+}
   (You bought it in a shop on level 2 of the Orcish Mines)

   It affects your resistance to hostile enchantments.
 Y - a +2 pair of gloves of strength (worn)
Magical Staves
 m - an uncursed staff of fire (weapon)
 M - an uncursed staff of power
Rods
 U - a +2 rod of clouds (12/12)
   (You found it on level 11 of the Dungeon)
Jewellery
 y - an uncursed ring of see invisible
 B - an uncursed ring of stealth {unknown}
 P - a ring of poison resistance (right hand)
 Q - a ring of wizardry (left hand)
Wands
 b - a wand of digging (7/24)
 p - a wand of acid (5/15)
 t - a wand of lightning (5/15)
 w - a wand of iceblast (13/15)
 G - a wand of iceblast (9/15)
 X - a wand of disintegration (15/24)
Scrolls
 k - 7 scrolls of teleportation
 n - 5 scrolls of recharging
 z - a scroll of enchant weapon
 E - 2 scrolls of fear
 H - a scroll of blinking
 N - a scroll of vulnerability
 O - 7 scrolls of remove curse
 R - a scroll of fog
 V - a scroll of magic mapping
Potions
 d - 4 potions of might
 e - 5 potions of heal wounds
 f - 6 potions of agility
 i - 2 potions of brilliance
 r - 6 potions of curing
 s - 2 potions of berserk rage
 D - 4 potions of ambrosia
 S - 2 potions of flight
 T - 2 potions of cancellation
Books
 a - a book of the Earth

   Spells                             Type                      Level
   a - Leda's Liquefaction            Hexes/Earth                  4
   b - Bolt of Magma                  Conjuration/Fire/Earth       5
   c - Statue Form                    Transmutation/Earth          6
   d - Iron Shot                      Conjuration/Earth            6
   e - Shatter                        Earth                        9
 l - Sif Muna's Incunabulum of Shifting Boosts
   (Sif Muna gifted it to you on level 6 of the Lair of Beasts)

   Spells                             Type                      Level
   a - Regeneration                   Charms/Necromancy            3
   b - Ignite Poison                  Fire/Transmutation/Poison    3
   c - Excruciating Wounds            Charms/Necromancy            5
   d - Iskenderun's Battlesphere      Conjuration/Charms           5
   e - Deflect Missiles               Charms/Air                   6
Comestibles
 c - 8 bread rations
 v - 6 meat rations


   Skills:
 - Level 10.0 Fighting
 + Level 2.3 Staves
 + Level 5.2 Armour
 - Level 11.2 Dodging
 - Level 2.4 Stealth
 + Level 5.1 Shields
 + Level 14.0 Spellcasting
 * Level 15.2 Conjurations
 * Level 15.0 Fire Magic
 - Level 4.5 Air Magic
 - Level 3.2 Earth Magic


You had 6 spell levels left.
You knew the following spells:

 Your Spells              Type           Power        Failure   Level  Hunger
a - Orb of Destruction    Conj           ######....   4%          7    ######.
b - Throw Flame           Conj/Fire      ######       0%          2    None
c - Conjure Flame         Conj/Fire      #######.     1%          3    None
d - Sticky Flame          Conj/Fire      #######.     1%          4    None
e - Fireball              Conj/Fire      #######...   1%          5    ###....
f - Lightning Bolt        Conj/Air       ######....   1%          5    ###....
g - Stone Arrow           Conj/Erth      ######       1%          3    None
h - Bolt of Magma         Conj/Fire/Erth #######...   1%          5    ###....
i - Delayed Fireball      Conj/Fire      N/A          4%          7    ######.


Dungeon Overview and Level Annotations

Branches:
Dungeon (12/15)            Temple (0/1) D:5            Lair (6/6) D:11
  Swamp (2/4) Lair:2        Snake (0/4) Lair:2        Slime (0/5) Lair:6
    Orc (2/2) D:9             Elf (0/3) Orc:2

Altars:
Dithmenos
Fedhas
Kikubaaqudgha
Makhleb
Qazlal
Sif Muna
Trog
Uskayaw
Xom
Yredelemnul
Zin
The Shining One
Beogh

Shops:
Orc:2 [(([

Annotations:
Lair:6 exclusion: oklob plant
Swamp:1 1 runed door, exclusion: Roxanne, Roxanne


Message History

The tyrant leech is lightly wounded.
The tyrant leech bites you but does no damage.
Casting: Sticky Flame
Confirm with . or Enter, or press ? or * to list all spells.
Aiming: Sticky Flame
Press: ? - help, Shift-Dir - straight line, f/p - tyrant leech
Aim: a tyrant leech (lightly wounded)
You feel a surge of power!
The sticky flame hits the tyrant leech.
The tyrant leech is moderately wounded.
The tyrant leech is covered in liquid flames!
The tyrant leech burns!
The tyrant leech burns!
The tyrant leech burns!
The tyrant leech burns!
You enter the shallow water.
Moving in this stuff is going to be slow.
The tyrant leech burns! x2
The flames covering the tyrant leech go out.
The tyrant leech stops burning.
The tyrant leech bites you!!
You die...

#8#≈≈♣ ♣♣..≈.♣≈≈≈
♣♣ ♣♣..≈≈....≈♣ ≈♣
♣..≈≈≈.≈..♣♣♣.♣♣
♣.≈≈.≈≈.♣♣♣♣.≈≈♣
♣♣≈≈≈.♣.♣♣ ♣..≈.♣
♣..≈.§♣.♣♣♣♣.≈≈.♣
♣.≈≈.≈§.♣♣...≈≈≈♣♣
♣@w...>.♣.≈≈..♣..♣
♣♣≈≈......≈≈≈.....♣
♣.≈.♣.....≈≈......♣
♣≈≈♣♣........♣♣♣...
♣.≈.♣♣♣.≈≈.≈..♣ ♣..
♣.≈♣♣ ♣.≈....♣♣ ..
≈≈≈.♣ ♣≈≈≈≈≈♣♣ .
≈≈≈≈.♣ ♣♣..≈.♣
≈≈≈≈.♣♣ ♣♣.≈.♣♣


You could see a tyrant leech.

Vanquished Creatures
  Nikola (Swamp:1)
  An orc warlord (Orc:2)
  The ghost of Gekot the Carver, a journeyman FoFi of Okawaru (Lair:5)
  Josephine (Lair:4)
  11 hydras
  7 alligators
  A catoblepas (Lair:6)
  17 death yaks
  A deep troll shaman (Lair:6)
  A death knight (D:12)
  A queen ant (Lair:3)
  2 orc high priests
  A fire crab (Lair:5)
  2 phantasmal warriors (D:12)
  A wolf spider zombie (D:12)
  6 hill giants
  An oklob plant (Lair:6)
  A salamander (Lair:2)
  2 deep elf magi (D:12)
  2 orc sorcerers (Orc:2)
  An ugly thing (D:11)
  2 cyclopes
  22 elephants
  4 black mambas
  Psyche (D:10)
  A torpor snail (Lair:6)
  Maurice (Orc:2)
  13 spiny frogs
  3 rime drakes
  A freezing wraith (D:12)
  4 komodo dragons
  2 polar bears (Lair:6)
  6 tyrant leeches
  24 blink frogs
  3 trolls (Orc:1)
  4 two-headed ogres
  3 bog bodies
  9 dream sheep
  7 hornets
  A wolf spider simulacrum (D:12)
  17 slime creatures
  The ghost of Frank the Cudgeler, an amateur GrGl (D:4)
  11 hippogriffs
  4 wraiths
  7 spriggans
  82 yaks
  5 wyverns
  A basilisk (Lair:6)
  2 hungry ghosts
  8 swamp worms
  4 vampire mosquitoes (Swamp:1)
  A mottled dragon (D:11)
  4 nagas (Lair:2)
  3 wargs
  Edmund (D:6)
  5 soldier ants (Lair:3)
  9 water moccasins
  2 swamp drakes (Swamp:1)
  7 porcupines
  5 sky beasts
  35 orc warriors
  2 ice beasts
  2 black bears
  An eye of draining (D:10)
  14 ogres
  3 phantoms
  3 centaurs
  16 wolves
  16 crocodiles
  3 big kobolds
  Blork the orc (D:6)
  17 bullfrogs
  A wyvern zombie (D:7)
  3 gnoll sergeants
  A wyvern skeleton (D:10)
  4 scorpions
  4 killer bees (D:8)
  4 wights (D:10)
  A howler monkey (D:6)
  An electric eel (Lair:4)
  A bullfrog zombie (D:5)
  3 crimson imps
  A quasit (D:10)
  4 jellies
  A bullfrog skeleton (D:10)
  16 orc priests
  Crazy Yiuf (D:6)
  2 centaur skeletons
  A gnoll shaman (D:5)
  7 hounds
  28 orc wizards
  Natasha (thrice) (D:4)
  Jessica (D:2)
  Terence (D:2)
  7 iguanas
  20 worker ants
  2 hound skeletons
  17 gnolls
  24 adders
  2 shadow imps
  An ooze (D:1)
  8 adder skeletons
  An adder zombie (D:6)
  3 worms (D:3)
  2 dart slugs
  5 leopard geckos
  89 orcs
  A ball python (D:4)
  4 giant cockroaches
  11 goblins
  10 hobgoblins
  6 jackals
  23 kobolds
  3 quokkas
  10 bats
  5 frilled lizards
  2 leopard gecko skeletons
  A leopard gecko zombie (D:8)
  7 rats
  A bush (Lair:1)
  4 fungi
  2 toadstools (D:1)
825 creatures vanquished.

Vanquished Creatures (others)
  A hydra (Swamp:1)
  2 bushes
  32 fungi
  10 plants
  2 toadstools (D:1)
47 creatures vanquished.

Grand Total: 872 creatures vanquished

Notes
Turn   | Place    | Note
-------+----------+-------------------------------------------
     0 | D:1      | dysrexia the Deep Elf Fire Elementalist began the quest for the Orb.
     0 | D:1      | Reached XP level 1. HP: 10/10 MP: 6/6
   229 | D:1      | Reached XP level 2. HP: 15/15 MP: 4/8
  1218 | D:2      | Reached XP level 3. HP: 19/19 MP: 5/9
  1329 | D:2      | Found a deep blue altar of Sif Muna.
  1335 | D:2      | Became a worshipper of Sif Muna the Loreminder
  1433 | D:2      | Learned a level 2 spell: Throw Flame
  1437 | D:2      | Learned a level 3 spell: Conjure Flame
  1571 | D:2      | Noticed Jessica
  1575 | D:2      | Killed Jessica
  1590 | D:2      | Noticed Terence
  1720 | D:2      | Reached XP level 4. HP: 24/24 MP: 6/11
  2069 | D:2      | HP: 1/24 [Terence/flail (3)]
  2100 | D:2      | Killed Terence
  2548 | D:3      | Noticed a big kobold
  2968 | D:3      | Killed a big kobold
  2968 | D:3      | Reached * piety under Sif Muna
  2968 | D:3      | Reached XP level 5. HP: 21/28 MP: 0/13
  3375 | D:3      | Reached skill level 5 in Fire Magic
  3740 | D:4      | Noticed Natasha
  3747 | D:4      | Killed Natasha
  3804 | D:4      | Noticed Frank's ghost (amateur GrGl)
  3828 | D:4      | Killed Frank's ghost
  3828 | D:4      | Reached skill level 5 in Spellcasting
  3828 | D:4      | Reached XP level 6. HP: 32/32 MP: 0/15
  3934 | D:4      | Found a stormy altar of Qazlal.
  3943 | D:4      | Reached skill level 5 in Conjurations
  4047 | D:4      | Noticed Natasha
  4050 | D:4      | Killed Natasha
  4253 | D:4      | Reached XP level 7. HP: 36/36 MP: 13/17
  4354 | D:4      | Learned a level 4 spell: Sticky Flame
  4360 | D:4      | Learned a level 5 spell: Fireball
  4364 | D:4      | Noticed Natasha
  4368 | D:4      | Killed Natasha
  4792 | D:4      | Reached ** piety under Sif Muna
  5138 | D:4      | Reached XP level 8. HP: 41/41 MP: 10/19
  5577 | D:5      | Entered Level 5 of the Dungeon
  6257 | D:5      | Found a staircase to the Ecumenical Temple.
  6408 | D:6      | Found a runed door.
  6412 | D:6      | Noticed Crazy Yiuf
  6418 | D:6      | Killed Crazy Yiuf
  6508 | D:6      | Found a glowing golden altar of the Shining One.
  6508 | D:6      | Found a faded altar of an unknown god.
  6514 | D:6      | Found a bloodstained altar of Trog.
  6519 | D:6      | Found a basalt altar of Yredelemnul.
  6520 | D:6      | Found a hide-covered altar of Uskayaw.
  6577 | D:6      | Reached *** piety under Sif Muna
  6686 | D:6      | Noticed Edmund
  6703 | D:6      | Killed Edmund
  7283 | D:6      | Noticed Blork the orc
  7300 | D:6      | Killed Blork the orc
  7497 | D:6      | Reached XP level 9. HP: 45/45 MP: 12/22
  7796 | D:7      | Found a glowing silver altar of Zin.
  8069 | D:7      | Found an ancient bone altar of Kikubaaqudgha.
  8340 | D:7      | Reached **** piety under Sif Muna
  9039 | D:8      | Reached skill level 10 in Fire Magic
  9292 | D:8      | Reached ***** piety under Sif Muna
  9622 | D:8      | Found a blossoming altar of Fedhas.
  9850 | D:8      | Reached skill level 10 in Conjurations
  9961 | D:9      | Reached XP level 10. HP: 50/50 MP: 12/25
 10075 | D:9      | You fall through a shaft for 2 floors!
 10188 | D:10     | Entered Level 10 of the Dungeon
 10380 | D:10     | Identified Sif Muna's Papyrus of Feathery Malediction (Sif Muna gifted it to you on level 10 of the Dungeon)
 10380 | D:10     | Received a gift from Sif Muna
 10640 | D:9      | Reached skill level 1 in Fighting
 10936 | D:9      | Found a shadowy altar of Dithmenos.
 11069 | D:9      | Found a staircase to the Orcish Mines.
 11076 | D:9      | Learned a level 5 spell: Lightning Bolt
 11144 | D:9      | Reached skill level 1 in Air Magic
 11211 | D:9      | Found a burning altar of Makhleb.
 11212 | D:9      | Found a shimmering altar of Xom.
 11428 | D:9      | Reached skill level 10 in Spellcasting
 11475 | D:9      | Reached skill level 5 in Dodging
 12020 | D:9      | Reached XP level 11. HP: 60/60 MP: 10/27
 12758 | D:10     | Noticed Psyche
 12769 | D:10     | Killed Psyche
 12916 | D:10     | Noticed a hill giant
 12923 | D:10     | Killed a hill giant
 12936 | D:10     | Noticed a hill giant
 12942 | D:10     | Killed a hill giant
 13121 | D:10     | Reached skill level 5 in Fighting
 14427 | D:11     | Noticed a cyan ugly thing
 14443 | D:11     | Killed a cyan ugly thing
 14527 | D:11     | Found a staircase to the Lair.
 14566 | Lair:1   | Entered Level 1 of the Lair of Beasts
 14582 | Lair:1   | Received a gift from Sif Muna
 14971 | Lair:1   | Learned a level 3 spell: Stone Arrow
 14990 | Lair:1   | Reached XP level 12. HP: 70/70 MP: 29/29
 15324 | Lair:1   | Noticed a six-headed hydra
 15331 | Lair:1   | Killed a six-headed hydra
 15992 | Lair:2   | Found a staircase to the Swamp.
 16176 | Lair:2   | Reached skill level 10 in Dodging
 16882 | Lair:2   | Found a staircase to the Snake Pit.
 17449 | Lair:3   | Noticed a queen ant
 17465 | Lair:3   | Killed a queen ant
 17728 | Lair:3   | Noticed a seven-headed hydra
 18031 | Lair:3   | Killed a seven-headed hydra
 19521 | Lair:4   | Noticed Josephine
 19524 | Lair:4   | Identified Sif Muna's Catalogue of Hurtful Malediction (Sif Muna gifted it to you on level 4 of the Lair of Beasts)
 19524 | Lair:4   | Received a gift from Sif Muna
 19524 | Lair:4   | Killed Josephine
 19558 | Lair:4   | Learned a level 6 spell: Bolt of Fire
 19861 | Lair:4   | Reached XP level 13. HP: 75/79 MP: 12/30
 19887 | Lair:4   | Learned a level 7 spell: Orb of Destruction
 20471 | Lair:4   | Reached skill level 1 in Armour
 20697 | Lair:4   | Reached skill level 1 in Shields
 21713 | Lair:4   | Elves... overpowered?
 21866 | Lair:5   | Noticed Gekot's ghost (journeyman FoFi)
 22797 | Lair:5   | Killed Gekot's ghost
 23511 | Lair:5   | Identified Sif Muna's Second Course in Witchery (Sif Muna gifted it to you on level 5 of the Lair of Beasts)
 23511 | Lair:5   | Received a gift from Sif Muna
 23925 | Lair:5   | Reached XP level 14. HP: 65/86 MP: 32/32
 24014 | Lair:6   | Entered Level 6 of the Lair of Beasts
 27089 | Orc:1    | Entered Level 1 of the Orcish Mines
 27876 | Orc:1    | Found a roughly hewn altar of Beogh.
 28361 | Orc:2    | Entered Level 2 of the Orcish Mines
 28366 | Orc:2    | Found a staircase to the Elven Halls.
 28376 | Orc:2    | Found a roughly hewn altar of Beogh.
 28561 | Orc:2    | Found a roughly hewn altar of Beogh.
 28615 | Orc:2    | Found a roughly hewn altar of Beogh.
 28719 | Orc:2    | Noticed Maurice
 28724 | Orc:2    | Killed Maurice
 28807 | Orc:2    | Found a roughly hewn altar of Beogh.
 28864 | Orc:2    | Found a roughly hewn altar of Beogh.
 29127 | Orc:2    | Found Osazir's Armour Shop.
 29204 | Orc:2    | Identified Sif Muna's Almanac of Burning Poisoning (Sif Muna gifted it to you on level 2 of the Orcish Mines)
 29204 | Orc:2    | Received a gift from Sif Muna
 29239 | Orc:2    | Found a roughly hewn altar of Beogh.
 29239 | Orc:2    | Found Vyloehau's Weapon Emporium.
 29391 | Orc:2    | Found a roughly hewn altar of Beogh.
 29853 | Orc:2    | Noticed an orc warlord
 29898 | Orc:2    | Killed an orc warlord
 30084 | Orc:2    | Found Ubiexyobb's Antique Armour Emporium.
 30094 | Orc:2    | Found a roughly hewn altar of Beogh.
 30097 | Orc:2    | Found Itziypp's Antique Weapon Shoppe.
 30201 | Orc:2    | Bought a heavily runed leather armour for 196 gold pieces
 30201 | Orc:2    | Bought a runed cloak for 294 gold pieces
 30201 | Orc:2    | Bought a pair of glowing gloves for 294 gold pieces
 30201 | Orc:2    | Bought a pair of embroidered gloves for 294 gold pieces
 30250 | Orc:2    | Identified the +2 leather armour of Dramatic Exits {MR+} (You bought it in a shop on level 2 of the Orcish Mines)
 30443 | Lair:1   | Learned a level 7 spell: Delayed Fireball
 30477 | Lair:1   | Learned a level 5 spell: Bolt of Magma
 30916 | Lair:6   | Reached skill level 1 in Earth Magic
 31950 | Lair:6   | Reached XP level 15. HP: 92/92 MP: 34/34
 32860 | Lair:6   | Found a staircase to the Slime Pits.
 33618 | Lair:6   | Identified Sif Muna's Incunabulum of Shifting Boosts (Sif Muna gifted it to you on level 6 of the Lair of Beasts)
 33618 | Lair:6   | Received a gift from Sif Muna
 33760 | Lair:6   | Reached skill level 10 in Fighting
 34125 | Lair:6   | Got an ichor-stained mace
 34356 | Lair:1   | Identified the +7 mace "Huitiah" {speed, rElec MR+ Str+2 Stlth+} (You found it on level 6 of the Lair of Beasts)
 34592 | Swamp:1  | Entered Level 1 of the Swamp
 34877 | Swamp:1  | Reached skill level 1 in Staves
 35545 | Swamp:1  | Noticed Nikola
 35764 | Swamp:1  | Noticed Roxanne
 36106 | Swamp:1  | Reached skill level 15 in Conjurations
 36308 | Swamp:1  | Found a runed door.
 36308 | Swamp:1  | Noticed a tentacled monstrosity
 36464 | Swamp:1  | Killed Nikola
 36464 | Swamp:1  | Reached skill level 5 in Armour
 36464 | Swamp:1  | Reached skill level 5 in Shields
 36888 | Swamp:2  | Reached skill level 15 in Fire Magic
 37777 | Swamp:2  | Slain by a tyrant leech

Skill      XL: |  1  2  3  4  5  6  7  8  9 10 11 12 13 14 15 |
---------------+----------------------------------------------+-----
Conjurations   | 2 3 4 5 6 8 10 11 12 14 15 | 15.2
Fire Magic     | 4 5 7 8 10 11 12 14 15 | 15.0
Spellcasting   | 4 5 6 7 9 10 11 12 13 14 | 14.0
Fighting       | 3 6 8 9 10 | 10.0
Dodging        | 6 9 10 11 | 11.2
Air Magic      | 2 4 |  4.5
Armour         | 2 4 5 |  5.2
Shields        | 2 4 5 |  5.1
Earth Magic    | 1 3 |  3.2
Staves         | 2 |  2.3
Stealth        | |  2.4

Action                   |  1- 3 |  4- 6 |  7- 9 | 10-12 | 13-15 || total
-------------------------+-------+-------+-------+-------+-------++-------
Melee: Unarmed           |    16 |    12 |       |       |       ||    28
       Staff             |       |       |    11 |    87 |   342 ||   440
       Mace              |       |       |       |       |     8 ||     8
 Cast: Flame Tongue      |    56 |   113 |   234 |   149 |       ||   552
       Throw Flame       |     2 |    18 |    57 |   175 |   220 ||   472
       Conjure Flame     |     1 |     9 |    18 |    19 |     8 ||    55
       Sticky Flame      |       |       |    11 |    92 |   305 ||   408
       Fireball          |       |       |     5 |    72 |    82 ||   159
       Lightning Bolt    |       |       |       |    22 |    15 ||    37
       Stone Arrow       |       |       |       |    18 |   103 ||   121
       Bolt of Fire      |       |       |       |     2 |    66 ||    68
       Orb of Destructio |       |       |       |       |    29 ||    29
       Bolt of Magma     |       |       |       |       |    18 ||    18
       Delayed Fireball  |       |       |       |       |     2 ||     2
Invok: Divine Energy     |       |       |     1 |    10 |    12 ||    23
       Stop Divine Energ |       |       |     1 |    10 |    12 ||    23
       Channel Magic     |       |       |       |     1 |       ||     1
       Forget Spell      |       |       |       |     1 |     1 ||     2
 Abil: Release Delayed F |       |       |       |       |     2 ||     2
Evoke: Wand              |       |       |       |     1 |     1 ||     2
  Use: Scroll            |       |     4 |    12 |     8 |     4 ||    28
       Potion            |       |       |       |       |     2 ||     2
 Stab: Petrified         |       |       |       |       |     4 ||     4
  Eat: Chunk             |     3 |     3 |    20 |    37 |    49 ||   112
       Meat ration       |       |     1 |       |       |     4 ||     5
       Fruit             |       |       |       |     8 |    21 ||    29
       Beef jerky        |       |       |       |     2 |     2 ||     4
       Royal jelly       |       |       |       |     1 |       ||     1
       Bread ration      |       |       |       |       |     2 ||     2
       Pizza             |       |       |       |       |     1 ||     1
Armor: Robe              |     4 |    15 |    11 |    12 |       ||    42
       Leather armour    |       |       |       |    40 |   172 ||   212
Dodge: Dodged            |     9 |    19 |    39 |   208 |   645 ||   920
Block: Buckler           |       |       |       |       |   181 ||   181
